 Dungeon Crawl Stone Soup version 0.25-a0-339-gb37b713 (webtiles) character file.

Game seed: 14956763488133908117, levelgen mode: deterministic

55 Birdy the Slasher (level 3, -4/21 HPs)
             Began as a Tengu Gladiator on Dec 28, 2019.
             Slain by an ogre
             ... wielding a +0 giant club
              (16 damage)
             ... on level 3 of the Dungeon.
             The game lasted 00:02:59 (920 turns).

Birdy the Slasher (Tengu Gladiator)                  Turns: 920, Time: 00:03:00

Health: -4/21      AC: 12    Str: 15    XL:     3   Next: 93%
Magic:  4/4        EV:  5    Int:  8    God:
Gold:   126        SH:  0    Dex: 15    Spells: 2/2 levels left

rFire    + . .     SeeInvis .   a - +0 long sword
rCold    + . .     Gourm    .   (no shield)
rNeg     . . .     Faith    .   g - +0 plate armour
rPois    .         Spirit   .   c - +0 hat
rElec    .         Reflect  .   q - scarf {rC+ rF+}
rCorr    .         Harm     .   l - +0 pair of gloves
MR       .....                  (boots unavailable)
Stlth    ..........             (no amulet)
HPRegen  0.07/turn              (no ring)
MPRegen  0.09/turn              (no ring)

@: no status effects
A: beak, talons 3
a: no special abilities


You were on level 3 of the Dungeon.
You were not hungry.

You visited 1 branch of the dungeon, and saw 3 of its levels.

You collected 126 gold pieces.

Inventory:

Hand Weapons
 a - a +0 long sword (weapon)
Missiles
 d - 3 throwing nets
 i - 8 poisoned darts (quivered)
 n - 2 boomerangs
Armour
 b - a +0 leather armour
 c - a +0 hat (worn)
 g - a +0 plate armour (worn)
 l - a +0 pair of gloves (worn)
 q - a scarf of resistance (worn)
Jewellery
 e - an uncursed ring of fire
Scrolls
 h - a scroll of remove curse
 k - a scroll of fear {unknown}
 m - 2 scrolls of identify {unknown}
 p - a scroll of amnesia {unknown}
Potions
 j - a potion of haste
 o - a potion of curing {unknown}
Comestibles
 f - 7 rations


   Skills:
 - Level 2.0 Fighting
 + Level 4.3 Long Blades
 - Level 2.0 Throwing
 + Level 2.5 Armour
 - Level 3.2 Dodging


You had 2 spell levels left.
You didn't know any spells.
Your spell library was empty.

Dungeon Overview and Level Annotations

Branches:
Dungeon (2/15)

Altars:


Innate Abilities, Weirdness & Mutations

You have a beak for a mouth.
You have claws for feet.


Message History

Aim: an ogre, wielding a +0 giant club (lightly wounded, poisoned)
You throw a poisoned dart.
The poisoned dart completely misses the ogre.
The ogre hits you with a +0 giant club!
Throwing (i - inventory. (/) - cycle)
i - 10 poisoned darts (quivered)
Press: ? - help, Shift-Dir - straight line, f/p - ogre
Aim: an ogre, wielding a +0 giant club (lightly wounded, poisoned)
You throw a poisoned dart. The poisoned dart hits the ogre.
The ogre is lightly wounded.
The ogre looks more healthy.
A frilled lizard comes into view.
Throwing (i - inventory. (/) - cycle)
i - 9 poisoned darts (quivered)
Press: ? - help, Shift-Dir - straight line, f/p - ogre
Aim: an ogre, wielding a +0 giant club (moderately wounded)
You throw a poisoned dart. The poisoned dart hits the ogre.
The ogre is poisoned.
The ogre is moderately wounded.
The ogre hits you with a +0 giant club!
Ouch! That really hurt!
You die...

..# #...#._.# ... #.#
#.#..#.#. #..# #.#
#.#...#.. #...#########.#
#........ #...†.......#.#
#....#### #...###.###.#.#
#.#### #
####$..##..(##...####.#
.[.>..$#.....#........#
#(....(..@O...###..#
#...#.....#........#
.......##...##....#...##
....(.. ##.###.........##
#.##...
................##### #
##....#####...)...........
##?.. #####..†.....#####
#l. ........(....##
######......##


You could see an ogre and a frilled lizard.

Vanquished Creatures
  An adder (D:3)
  3 leopard geckos
  An orc (D:3)
  2 giant cockroaches
  5 goblins
  4 hobgoblins
  7 jackals
  5 kobolds
  A ball python (D:2)
  3 bats
  A frilled lizard (D:3)
  3 rats
36 creatures vanquished.

Notes
Turn   | Place    | Note
-------+----------+-------------------------------------------
     0 | D:1      | Birdy the Tengu Gladiator began the quest for the Orb.
     0 | D:1      | Reached XP level 1. HP: 12/12 MP: 2/2
   254 | D:1      | Reached skill level 1 in Armour
   254 | D:1      | Reached XP level 2. HP: 17/17 MP: 3/3
   610 | D:2      | Reached XP level 3. HP: 21/21 MP: 4/4
   611 | D:2      | Reached skill level 4 in Long Blades
   784 | D:2      | You fall into a shaft and drop 1 floor!
   851 | D:3      | Found a faded altar of an unknown god.
   891 | D:3      | Noticed an ogre
   920 | D:3      | Slain by an ogre

Levels and vault maps discovered:
D:1:      nzn_arrival_depleted_hourglass, layout_rooms
D:2:      layout_basic, first_ration, minmay_split_cup_small
D:3:      layout_loops_ring, chequers_ecumenical_altar_simple_redux,
          minmay_misc_feat_enclosed, minmay_randomly_rotated_circles

Skill      XL: |  1  2  3 |
---------------+----------+-----
Armour         | 1 2 |  2.5
Long Blades    | 4 |  4.3
Fighting       | |  2.0
Throwing       | |  2.0
Dodging        | |  3.2

Action                   || total
-------------------------++-------
Melee: Long sword        ||    67
       Kick              ||    16
       Peck              ||    11
Throw: Boomerang         ||    14
       Dart              ||     6
  Use: Scroll            ||     3
       Potion            ||     3
Armor: Plate armour      ||    45
Dodge: Dodged            ||    18
       Rpst.: Long sword ||     9

Table legend:
 A = Non-vault XP
 B = Vault XP
 C = Vault XP percentage of total XP
 D = Non-vault monster count
 E = Vault monster count
 F = Vault count percentage of total count
                 A         B        C        D         E       F
            +---------+---------+-------+---------+---------+-------
      Total |      79 |       0 |   0.0 |      36 |       0 |   0.0
            +---------+---------+-------+---------+---------+-------
        D:1 |      24 |       0 |   0.0 |      14 |       0 |   0.0
        D:2 |      27 |       0 |   0.0 |      13 |       0 |   0.0
        D:3 |      28 |       0 |   0.0 |       9 |       0 |   0.0
            +---------+---------+-------+---------+---------+-------
